 Dungeon Crawl Stone Soup version 0.31-a0-544-gceb718ecc6 (webtiles) character file.

Game seed: 6356930771343035339

2158 lunkers the Martial Artist (level 9, -3/64 HPs)
             Began as a Meteoran Shapeshifter on Aug 14, 2023.
             Was a Follower of Ru.
             Slain by a vampire mosquito (11 damage)
             ... on level 9 of the Dungeon on Aug 15, 2023.
             The game lasted 00:14:40 (3128 turns).

lunkers the Martial Artist (Meteoran Shapeshifter)  Turns: 3128, Time: 00:14:40

Health: -3/64      AC:  5    Str: 16    XL:     9   Next: 87%
Magic:  19/19      EV: 11    Int: 16    God:    Ru [*.....]
Gold:   1294       SH:  0    Dex: 20    Spells: 8/8 levels left

rFire   . .          .
                       - Unarmed
rCold   . . .        (no shield)
rNeg    . . .        u - +0 ring mail
rPois   .            (helmet currently unavailable)
rElec   .            (cloak currently unavailable)
rCorr   .            (gloves currently unavailable)
SInv    .            (boots currently unavailable)
Will    +....        (no amulet)
Stlth   +            k - +6 ring of intelligence
HPRegen 0.30/turn    t - ring of magical power
MPRegen 0.16/turn

%: no passive effects
@: beast-form, glowing
A: beast (slay +4), sense surroundings 2, unskilled 1, otherworldly, glowing,
explore regen
a: Begin Untransformation, Renounce Religion


You were on level 9 of the Dungeon.
You worshipped Ru.
Ru was aware of your devotion.
You were a hulking beast.
You visited 2 branches of the dungeon, and saw 10 of its levels.

You collected 1294 gold pieces.

Inventory:

Hand Weapons
 o - the +8 short sword "Ohefi" {pain, rF+}
   (You took it off a hobgoblin on level 3 of the Dungeon)

   rF+:       It protects you from fire.
Armour
 a - a +0 animal skin
 h - a +0 plate armour
 s - a +1 cloak
 u - a +0 ring mail (worn)
Jewellery
 k - a +6 ring of intelligence (left hand)
 t - a ring of magical power (right hand)
Talismans
 c - a beast talisman (active)
 d - a flux talisman
Wands
 n - a wand of light (6)
 r - a wand of roots (13)
Scrolls
 f - a scroll of teleportation
 g - a scroll of enchant weapon
Potions
 b - a potion of degeneration {unknown}
 e - a potion of attraction
 i - a potion of heal wounds
 j - 2 potions of might
 l - 2 potions of brilliance
 m - a potion of curing {unknown}
 p - a potion of mutation {unknown}
 q - a potion of haste {unknown}


   Skills:
 - Level 1.0 Fighting
 - Level 2.0 Dodging
 * Level 11.2 Unarmed Combat
 + Level 7.2 Shapeshifting


You had 8 spell levels left.
You didn't know any spells.
Your spell library contained the following spells:

 Spells                   Type           Power      Damage    Failure   Level
 Freeze                   Ice            0%         1d3       43%         1
 Necrotise                Necr           0%         1d4       43%         1
 Ensorcelled Hibernation  Hex/Ice        0%         N/A       58%         2
 Lesser Beckoning         Tloc           0%         N/A       58%         2
 Passwall                 Tmut/Erth      0%         N/A       58%         2
 Sublimation of Blood     Necr           0%         N/A       58%         2
 Frozen Ramparts          Ice            0%         1d1       82%         3
 Gell's Gravitas          Tloc           0%         N/A       82%         3
 Hailstorm                Conj/Ice       0%         3d3       82%         3
 Ignite Poison            Fire/Tmut/Pois 0%         N/A       82%         3
 Portal Projectile        Hex/Tloc       0%         N/A       82%         3
 Swiftness                Air            0%         N/A       82%         3
 Teleport Other           Tloc           0%         N/A       82%         3
 Tukima's Dance           Hex            0%         N/A       82%         3
 Vampiric Draining        Necr           0%         2d6       82%         3
 Iskenderun's Mystic Bla  Conj/Tloc      0%         2d3       99%         4
 Petrify                  Tmut/Erth      0%         N/A       99%         4
 Sticky Flame             Conj/Fire      0%         2d3       99%         4
 Agony                    Necr           0%         N/A       100%        5
 Irradiate                Conj/Tmut      0%         3d11      100%        5
 Dispersal                Tloc           0%         N/A       100%        6
 Ignition                 Fire           0%         3d3       100%        8


Dungeon Overview and Level Annotations

Branches:
Dungeon (9/15) Zot: 2330   Temple (1/1) D:5 Zot: 583    Lair (0/5) D:9
    Orc: D:9-12

Altars:
Ashenzari
Cheibriados
Dithmenos
Elyvilon
Fedhas
Gozag
Hepliaklqana
Kikubaaqudgha
Makhleb
Nemelex Xobeh
Okawaru
Qazlal
Ru
Sif Muna
Trog
Vehumet
Wu Jian

Shops:
D:6 *   D:7 *   D:8 *[!


Innate Abilities, Weirdness & Mutations

You are a hulking beast.
Your limbs bulge with bestial killing power. (Slay +4)
You passively map the area around you.
You are somewhat unskilled. (-1 Apt)
You are easily found by Zot.
You glow in the dark.
You regain HP and MP as you explore.


Message History

Unknown command.
You hit the orc warrior.
The orc warrior is lightly wounded.
The vampire mosquito bites you.
* * * LOW HITPOINT WARNING * * *
The vampire mosquito draws strength from your injuries!
The vampire mosquito is stunned by your conviction and fails to attack.
Unknown command.
You punch the orc warrior!
The orc warrior is heavily wounded.
The orc warrior hits you with a +0 hand axe.
* * * LOW HITPOINT WARNING * * *
The vampire mosquito bites you but does no damage.
Unknown command.
You punch the orc warrior!
You punch the orc warrior, but do no damage.
The orc warrior is severely wounded.
The vampire mosquito is stunned by your conviction and fails to attack.
The orc warrior completely misses you.
The vampire mosquito is stunned by your conviction and fails to attack.
Unknown command.
Unknown command.
You barely miss the orc warrior.
The orc warrior is severely wounded.
The vampire mosquito bites you but does no damage.
The orc warrior hits you with a +0 hand axe.
* * * LOW HITPOINT WARNING * * *
Unknown command.
Unknown command.
You punch the orc warrior!
You kill the orc warrior!
The vampire mosquito bites you!
* * * LOW HITPOINT WARNING * * *
The vampire mosquito draws strength from your injuries!
The vampire mosquito is stunned by your conviction and fails to attack.
Unknown command.
You punch the vampire mosquito! x2
The vampire mosquito is severely damaged.
The vampire mosquito bites you!
You die...

, * , ,*
#......##...# *
#######)##...#
,, ,
#.....(.(....# ,
, #............#
, , ,
#............#
*#...##'###...#
*#...##..##..<#
*
##....y.......#
,,,
,#.....h)......#
, ,
#....(........#
#...........(.#
#.............#
,
+.............#
*
###############


You could see a vampire mosquito.

Vanquished Creatures
  A kobold demonologist (D:9)
  Menkaure (D:5)
  A steam dragon (D:7)
  A water moccasin (D:8)
  An ice beast (D:6)
  2 sky beasts (D:7)
  2 orc warriors
  A black bear (D:4)
  A centaur (D:8)
  2 bullfrogs
  4 kobold brigands
  2 howler monkeys (D:8)
  4 orc priests
  3 hounds
  An iguana (D:6)
  2 orc wizards
  A sleepcap (D:6)
  3 adders
  A shadow imp (D:7)
  2 white imps
  2 worms (D:2)
  2 dart slugs
  11 orcs
  5 ball pythons
  2 endoplasms (D:1)
  2 giant cockroaches
  6 goblins
  10 hobgoblins
  3 jackals (D:4)
  15 kobolds
  2 quokkas (D:2)
  3 bats
  A frilled lizard (D:2)
  3 rats
103 creatures vanquished.

Notes
Turn   | Place    | Note
-------+----------+-------------------------------------------
     0 | D:1      | lunkers the Meteoran Shapeshifter began the quest for the
                  | Orb.
     0 | D:1      | Reached XP level 1. HP: 16/16 MP: 2/2
    53 | D:1      | Reached skill level 4 in Unarmed Combat
    53 | D:1      | Reached XP level 2. HP: 13/23 MP: 3/3
   146 | D:1      | Found a faded altar of an unknown god.
   322 | D:2      | Reached XP level 3. HP: 24/28 MP: 4/4
   507 | D:2      | Reached XP level 4. HP: 19/35 MP: 5/5
   651 | D:3      | Found a blossoming altar of Fedhas.
   685 | D:3      | Reached skill level 5 in Unarmed Combat
  1045 | D:3      | Found a stormy altar of Qazlal.
  1130 | D:3      | Identified the +8 short sword "Ohefi" {pain, rF+}
  1223 | D:4      | Noticed a black bear
  1233 | D:4      | Killed a black bear
  1234 | D:4      | Reached skill level 6 in Unarmed Combat
  1234 | D:4      | Reached XP level 5. HP: 8/40 MP: 6/6
  1234 | D:4      | Reached XP level 6. HP: 9/47 MP: 7/7
  1591 | D:4      | Found an ornate altar of the Wu Jian Council.
  1626 | D:5      | Entered Level 5 of the Dungeon
  1628 | D:5      | Noticed Menkaure
  1629 | D:5      | Reached skill level 5 in Shapeshifting
  1643 | D:4      | Reached skill level 7 in Unarmed Combat
  1707 | D:5      | Killed Menkaure
  1708 | D:5      | Reached XP level 7. HP: 35/52 MP: 8/8
  1790 | D:5      | Found a staircase to the Ecumenical Temple.
  1818 | D:5      | Found a shadowy altar of Dithmenos.
  1839 | Temple   | Entered the Ecumenical Temple
  1847 | Temple   | Became a worshipper of Ru the Awakened
  1898 | D:5      | Found a shimmering blue altar of Sif Muna.
  2004 | D:6      | Reached skill level 8 in Unarmed Combat
  2012 | D:6      | Found Joekhloy's Assorted Antiques.
  2145 | D:6      | Reached XP level 8. HP: 9/59 MP: 9/9
  2161 | D:6      | Identified a scroll of acquirement
  2161 | D:6      | Acquired 940 gold pieces
  2386 | D:7      | Noticed a steam dragon
  2395 | D:7      | Killed a steam dragon
  2396 | D:7      | Reached skill level 9 in Unarmed Combat
  2532 | D:7      | Found Duyreq's General Store.
  2674 | D:7      | Reached skill level 10 in Unarmed Combat
  2704 | D:7      | Gained mutation: You are somewhat unskilled. (-1 Apt) [Ru
                  | sacrifice]
  2704 | D:7      | Reduced skill Unarmed Combat to level 9
  2704 | D:7      | Reached * piety under Ru
  2756 | D:7      | Upgraded the game from 0.31-a0-542-gdc2a67831c to
                  | 0.31-a0-544-gceb718ecc6
  2781 | D:7      | Gained mutation: You passively map the area around you.
                  | [Meteoran growth]
  2781 | D:7      | Reached XP level 9. HP: 39/64 MP: 10/10
  2798 | D:7      | Found a snail-covered altar of Cheibriados.
  2937 | D:8      | Found a sparkling altar of Nemelex Xobeh.
  2956 | D:8      | Noticed a five-headed hydra
  2956 | D:8      | Noticed a two-headed ogre
  2973 | D:9      | Reached skill level 10 in Unarmed Combat
  3002 | D:9      | HP: 4/96 [poisoned by a water moccasin]
  3033 | D:9      | Noticed a kobold demonologist
  3051 | D:9      | Killed a kobold demonologist
  3054 | D:9      | Reached skill level 11 in Unarmed Combat
  3102 | D:8      | Found Duumnad's Assorted Antiques.
  3102 | D:8      | Found Uffaef's Armour Boutique.
  3102 | D:8      | Found Esyuf's Distillery.
  3119 | D:8      | Noticed a centaur warrior
  3128 | D:9      | Slain by a vampire mosquito

Illustrated notes

Levels and vault maps discovered:
D:1:      minmay_arrival_hallway, layout_rooms,
          hellmonk_ecumenical_altar_run_dry
D:2:      layout_basic, hex_tiny
D:3:      layout_loops_ring, mainiacjoe_overflow_six_doors_small,
          mainiacjoe_overflow_boulevard, nicolae_kite_square_tiling_tiny,
          st_stairs_11, mrwooster_statue_mirror, minivault_14
D:4:      layout_layer_cave, nicolae_wu_jian_immortal_techniques,
          minmay_misc_feat_diagonals
D:5:      wander_river, layout_basic, mainiacjoe_overflow_alcove_1,
          kennysheep_mini_moat, nicolae_overflow_hidden_temple,
          minmay_temple_entry_grid, serial_shops, nicolae_shop_real_fake_doors,
          uniq_menkaure
D:6:      layout_loops_ring, serial_shops, shop
D:7:      layout_basic, lemuel_coloured_pillars_altar, serial_shops,
          nicolae_shop_rolling_square
D:8:      layout_loops_ring, nemelex_spade_bored_becter,
          nicolae_tso_carved_into_rock, serial_shops, shop,
          nicolae_shop_distant_corner_stores, nzn_random_ring
D:9:      layout_gridville, grunt_lair_entry_orc_guard_hut,
          kennysheep_generic_room_8
Temple:   eino_temple_lava

Skill      XL: |  1  2  3  4  5  6  7  8  9 |
---------------+----------------------------+-----
Unarmed Combat | 4 6 7 8 9 11 | 11.2
Shapeshifting  | 4 5 6 7 |  7.2
Fighting       | |  1.0
Dodging        | |  2.0

Action                     |  1- 3 |  4- 6 |  7- 9 || total
---------------------------+-------+-------+-------++-------
  Melee: Unarmed           |    82 |    85 |   154 ||   321
         Punch             |     1 |     5 |     7 ||    13
 Invoke: Sacrifice Skill   |       |       |     1 ||     1
  Evoke: Wand              |       |     1 |       ||     1
    Use: Potion            |       |     1 |     2 ||     3
         Scroll            |       |       |    15 ||    15
   Stab: Sleeping          |       |     1 |       ||     1
 Armour: Animal skin       |     9 |     9 |     1 ||    19
         Skin              |       |     1 |    20 ||    21
         Ring mail         |       |       |    20 ||    20
         Plate armour      |       |       |     5 ||     5
  Dodge: Dodged            |    57 |    43 |    64 ||   164

Table legend: (Time is in decaauts)
 A = Elapsed time spent in this place.
 B = Non-inter-level travel time spent in this place.
 C = Inter-level travel time spent in this place.
 D = Time resting spent in this place.
 E = Time spent auto-exploring this place.
 F = Levels seen in this place.
 G = Mean time per level.
                   A        B        C        D        E       F      G
               +--------+--------+--------+--------+--------+-----+--------+
         Total |   3085 |   2905 |    180 |     43 |   1609 |  10 |  308.5 |
       Dungeon |   3068 |   2889 |    179 |     43 |   1609 |   9 |  340.9 |
        Temple |     16 |     16 |      0 |      0 |      0 |   1 |   16.0 |
               +--------+--------+--------+--------+--------+-----+--------+

Top non-repeatable levels by time:
     D:7: 537 daAuts
     D:4: 524 daAuts
     D:3: 507 daAuts
     D:6: 344 daAuts
     D:2: 328 daAuts
     D:1: 310 daAuts
     D:5: 263 daAuts
     D:9: 133 daAuts
     D:8: 118 daAuts
  Temple: 16 daAuts
